 Dungeon Crawl Stone Soup version 0.16.1 (webtiles) character file.

333 Fiveotanaka the Conjurer (level 6, -1/32 HPs)
             Began as a Deep Elf Conjurer on Mar 27, 2015.
             Slain by Grinder (5 damage)
             ... on level 4 of the Dungeon.
             The game lasted 00:07:22 (3288 turns).

Fiveotanaka the Conjurer (Deep Elf Conjurer)        Turns: 3288, Time: 00:07:22

Health: -1/32      AC:  3    Str:  5    XL:     6   Next: 27%
Magic:  3/18       EV: 14    Int: 22    God:
Gold:   144        SH:  0    Dex: 15    Spells: 3 memorised, 4 levels left

rFire  . . .     SeeInvis .     p - +0 long sword (curse)
rCold  . . .     Clarity  .     a - +0 robe
rNeg   . . .     SustAb   .     (no shield)
rPois  .         Gourm    .     (no helmet)
rElec  .         Spirit   .     (no cloak)
rCorr  .         Warding  .     n - +0 pair of gloves
rMut   .         Stasis   .     (no boots)
MR     .....                    (no amulet)
Stlth  ++........               (no ring)
                                (no ring)

@: not resistant to hostile enchantments, unstealthy
A: no striking features
a: no special abilities


You were on level 4 of the Dungeon.
You were not hungry.

You visited 1 branch of the dungeon, and saw 4 of its levels.

You collected 144 gold pieces.

Inventory:

Hand weapons
 p - a cursed +0 long sword (weapon)
Missiles
 e - 40 stones (quivered)
Armour
 a - a +0 robe (worn)
 n - a +0 pair of gloves (worn)
Scrolls
 d - 5 scrolls of identify {unknown}
 f - a scroll of magic mapping {unknown}
 g - 2 scrolls of teleportation {unknown}
 h - 2 scrolls of recharging {unknown}
 i - 3 scrolls of remove curse {unknown}
 j - 2 scrolls of immolation {unknown}
 k - 2 scrolls of amnesia {unknown}
 q - a scroll of enchant armour {unknown}
 t - a scroll of fear {unknown}
Potions
 l - a potion of heal wounds {unknown}
 s - a potion of cancellation {unknown}
 u - a potion of resistance {unknown}
 v - a potion of curing {unknown}
Books
 c - a book of Conjurations

   Spells                             Type                      Level
   a - Magic Dart                     Conjuration                  1
   b - Searing Ray                    Conjuration                  2
   c - Dazzling Spray                 Conjuration/Hexes            3
   d - Fulminant Prism                Conjuration/Hexes            4
   e - Iskenderun's Mystic Blast      Conjuration                  4
   f - Iskenderun's Battlesphere      Conjuration/Charms           5
 m - a book of Transfigurations

   Spells                             Type                      Level
   a - Stoneskin                      Transmutation/Earth          2
   b - Irradiate                      Conjuration/Transmutation    5
   c - Statue Form                    Transmutation/Earth          6
   d - Hydra Form                     Transmutation                6
   e - Dragon Form                    Transmutation                7
Comestibles
 b - 3 bread rations
 r - a meat ration


   Skills:
 + Level 4.3 Dodging
 - Level 2.4 Stealth
 - Level 3.0 Spellcasting
 - Level 7.6 Conjurations


You had 4 spell levels left.
You knew the following spells:

 Your Spells              Type           Power        Failure   Level  Hunger
a - Magic Dart            Conj           ####         1%          1    None
b - Searing Ray           Conj           #####.       1%          2    ##.....
c - Iskenderun's Mystic   Conj           #####...     8%          4    ####...


Dungeon Overview and Level Annotations

Branches:
Dungeon (4/15)
 Temple: D:4-7

Altars:

Annotations:
D:4 Grinder


Message History

Grinder gestures at you. Pain shoots through your body!
The searing ray hits Grinder.
Grinder is almost dead.
Grinder hits you!
You writhe in agony.
Casting: Searing Ray
Confirm with . or Enter, or press ? or * to list all spells.
Aiming: Searing Ray
Press: ? - help, Shift-Dir - straight line, f/p - Grinder
Aim: Grinder (almost dead)
The searing ray hits Grinder.
Grinder is almost dead.
Grinder hits you!
* * * LOW HITPOINT WARNING * * *
You writhe in agony. x2
The searing ray hits Grinder.
Grinder is almost dead.
Grinder says, "There's only one good use for a tongue: cutting it out."
Grinder hits you.
You die...

### ##.## ####...#
##......# .#.###.##
...#####################
.........................
................@5.......
..........########......#
.#.######..# #####
##...>.....# ###########


You could see Grinder.

Vanquished Creatures
  Menkaure (D:4)
  A phantom (D:4)
  A worker ant (D:4)
  An adder (D:2)
  4 gnolls (D:3)
  2 worms
  2 giant geckos
  An ooze (D:1)
  9 bats
  2 giant cockroaches
  8 goblins
  3 hobgoblins
  A quokka (D:2)
  A giant newt (D:1)
  4 kobolds
  6 rats
47 creatures vanquished.

Notes
Turn   | Place    | Note
--------------------------------------------------------------
     0 | D:1      | Fiveotanaka, the Deep Elf Conjurer, began the quest for the Orb.
     0 | D:1      | Reached XP level 1. HP: 10/10 MP: 5/5
   207 | D:1      | Reached XP level 2. HP: 15/15 MP: 0/8
   218 | D:1      | Reached skill level 5 in Conjurations
  1073 | D:2      | Learned a level 2 spell: Searing Ray
  1151 | D:2      | Reached XP level 3. HP: 19/19 MP: 7/10
  1650 | D:3      | Reached skill level 6 in Conjurations
  1662 | D:3      | Reached XP level 4. HP: 24/24 MP: 2/13
  2594 | D:4      | Noticed Menkaure
  2596 | D:4      | Noticed a phantom
  2598 | D:4      | Killed Menkaure
  2598 | D:4      | Reached skill level 7 in Conjurations
  2598 | D:4      | Reached XP level 5. HP: 15/28 MP: 11/16
  3088 | D:4      | Killed a phantom
  3088 | D:4      | Reached XP level 6. HP: 29/32 MP: 5/18
  3267 | D:4      | Learned a level 4 spell: Iskenderun's Mystic Blast
  3277 | D:4      | Noticed Grinder
  3279 | D:4      | Paralysed by Grinder for 3 turns
  3288 | D:4      | Slain by Grinder

Action                   |  1- 3 |  4- 6 || total
-------------------------+-------+-------++-------
Melee: Unarmed           |     6 |       ||     6
       Long sword        |       |     8 ||     8
 Cast: Magic Dart        |    78 |    36 ||   114
       Searing Ray       |       |     8 ||     8
       Iskenderun's Myst |       |     2 ||     2
  Eat: Chunk             |     2 |     2 ||     4
       Pizza             |       |     1 ||     1
       Royal jelly       |       |     1 ||     1
